 Dungeon Crawl Stone Soup version 0.25-a0-35-g747a2b3c0c (webtiles) character file.

Game seed: 8638904076070238709, levelgen mode: deterministic

427 Arixos the Magician (level 6, -3/44 HPs)
             Began as a Gnoll Wizard on Oct 18, 2019.
             Was an Initiate of Ashenzari.
             Slain by an ice beast (10 damage)
             ... on level 6 of the Dungeon.
             The game lasted 00:21:31 (4386 turns).

Arixos the Magician (Gnoll Wizard)                  Turns: 4386, Time: 00:21:32

Health: -3/44      AC:  5    Str:  9    XL:     6   Next: 97%
Magic:  1/16       EV: 14    Int: 23    God:    Ashenzari [......]
Gold:   174        SH:  0    Dex: 13    Spells: 8/20 levels left

rFire    . . .     SeeInvis .   b - +0 spear
rCold    . . .     Gourm    .   (no shield)
rNeg     . . .     Faith    .   a - +0 robe
rPois    .         Spirit   .   c - +0 helmet
rElec    .         Reflect  .   (no cloak)
rCorr    .         Harm     .   k - +0 pair of gloves
MR       .....     Rnd*Tele +   m - +0 pair of boots
Stlth    +++.......             (no amulet)
HPRegen  0.14/turn              p - ring of teleportation (curse)
MPRegen  0.15/turn              (no ring)

@: no status effects
A: distributed training, fangs 1, strong nose
a: Curse Item, Renounce Religion


You were on level 6 of the Dungeon.
You worshipped Ashenzari.
Ashenzari was noncommittal.
You were near starving.

You visited 2 branches of the dungeon, and saw 7 of its levels.

You collected 174 gold pieces.

Inventory:

Hand Weapons
 b - a +0 spear (weapon)
Armour
 a - a +0 robe (worn)
 c - a +0 helmet (worn)
 k - a +0 pair of gloves (worn)
 m - a +0 pair of boots (worn)
Jewellery
 p - a cursed ring of teleportation (left hand)
Wands
 h - a wand of enslavement (13)
Scrolls
 e - a scroll of remove curse
 f - a scroll of enchant weapon
 r - a scroll of identify {unknown}
Potions
 g - 2 potions of lignification
 i - a potion of heal wounds {unknown}
 j - a potion of curing {unknown}
 l - a potion of agility {unknown}
 n - a potion of magic {unknown}
 o - 2 potions of cancellation {unknown}
 q - a potion of ambrosia {unknown}
 s - a potion of degeneration {unknown}
Comestibles
 d - 8 rations


   Skills:
 + Level 2.1 Fighting
 + Level 2.1 Short Blades
 + Level 2.1 Long Blades
 + Level 2.1 Axes
 + Level 2.1 Maces & Flails
 + Level 2.1 Polearms
 + Level 2.1 Staves
 + Level 2.1 Slings
 + Level 2.1 Bows
 + Level 2.1 Crossbows
 + Level 2.1 Throwing
 + Level 2.1 Armour
 + Level 5.0 Dodging
 + Level 4.7 Stealth
 + Level 2.1 Shields
 + Level 2.1 Unarmed Combat
 + Level 7.5 Spellcasting
 + Level 2.7 Conjurations
 + Level 1.7 Hexes
 + Level 1.7 Charms
 + Level 2.7 Summonings
 + Level 1.7 Necromancy
 + Level 2.7 Translocations
 + Level 1.7 Transmutations
 + Level 1.7 Fire Magic
 + Level 1.7 Ice Magic
 + Level 1.7 Air Magic
 + Level 1.7 Earth Magic
 + Level 1.7 Poison Magic
 + Level 2.3 Invocations
 + Level 2.1 Evocations


You had 8 spell levels left.
You knew the following spells:

 Your Spells              Type           Power        Failure   Level  Hunger
a - Magic Dart            Conj           ###.         2%          1    None
c - Mephitic Cloud        Conj/Pois/Air  ###.....     10%         3    None
e - Blink                 Tloc           N/A          3%          2    None
f - Conjure Flame         Conj/Fire      ###.....     9%          3    None
g - Apportation           Tloc           ###...       2%          1    None
q - Call Imp              Summ           ###.....     3%          2    None

Your spell library contained the following spells:

 Spells                   Type           Power        Failure   Level  Hunger
 Summon Small Mammal      Summ           ###.         2%          1    None
 Animate Skeleton         Necr           N/A          3%          1    None
 Confusing Touch          Hex            ###...       3%          1    None
 Corona                   Hex            ###....      3%          1    None
 Ensorcelled Hibernation  Hex/Ice        ###...       5%          2    None
 Slow                     Hex            ###.....     5%          2    None
 Dazzling Spray           Conj/Hex       ###...       9%          3    None
 Confuse                  Hex            ###.....     11%         3    None
 Tukima's Dance           Hex            ###.....     11%         3    None


Dungeon Overview and Level Annotations

Branches:
Dungeon (6/15)             Temple (1/1) D:4

Altars:
Ashenzari
Cheibriados
Dithmenos
Elyvilon
Fedhas
Hepliaklqana
Kikubaaqudgha
Makhleb
Nemelex Xobeh
Okawaru
Qazlal
Ru
Sif Muna
Trog
Uskayaw
Wu Jian
Yredelemnul
Zin
The Shining One

Shops:
D:4 *


Innate Abilities, Weirdness & Mutations

Your experience applies equally to all skills.
You have very sharp teeth.
Your uncanny sense of smell can sniff out nearby items.


Message History

You blink.
Your white imp hits the shadow imp.
Your white imp freezes the shadow imp.
The shadow imp completely resists.
The shadow imp hits your white imp.
Your crimson imp blinks!
Casting: Blink (safe; 3% risk of failure)
Confirm with . or Enter, or press ? or * to list all spells.
A beastly little devil appears in a puff of flame.
Your white imp hits the shadow imp.
Your white imp freezes the shadow imp.
The shadow imp completely resists.
The shadow imp hits your white imp but does no damage.
Your crimson imp hits the shadow imp but does no damage.
Your white imp hits the shadow imp.
The shadow imp dies!
Found a ration.
You swap places.
Your crimson imp disappears in a puff of smoke!
The ice beast hits you.
* * * LOW HITPOINT WARNING * * *
The ice beast freezes you!
You die...

%. #####.. ..#.. #.#.. ##.#.#
∆ #...[# #....# #...5# #
#####..@Y# #.##......§5#
#...........# ######......5.#
#.5.........<.#
#.######.######
#.%5...#........#############
#5§....#.##......<...........
#.....5#.##.#################


You could see an ice beast, 2 friendly crimson imps and a friendly white imp.

Vanquished Creatures
  A hound (D:3)
  A howler monkey zombie (D:5)
  2 gnolls (D:4)
  2 adders
  A river rat (D:4)
  An ooze (D:3)
  An adder skeleton (D:4)
  2 dart slugs
  3 leopard geckos
  3 orcs (D:3)
  3 giant cockroaches
  4 goblins
  11 hobgoblins
  13 jackals
  A quokka (D:5)
  7 bats
  2 frilled lizards
  4 kobolds
  9 rats
71 creatures vanquished.

Vanquished Creatures (collateral kills)
  2 phantoms
  An ice beast (D:4)
  A howler monkey (D:5)
  A gnoll shaman (D:4)
  An iguana (D:4)
  5 gnolls
  A river rat (D:4)
  An adder (D:4)
  2 shadow imps
  2 worms
  A giant cockroach (D:4)
  A jackal (D:3)
19 creatures vanquished.

Vanquished Creatures (others)
  A human (D:2)
1 creature vanquished.

Grand Total: 91 creatures vanquished

Notes
Turn   | Place    | Note
-------+----------+-------------------------------------------
     0 | D:1      | Arixos the Gnoll Wizard began the quest for the Orb.
     0 | D:1      | Reached XP level 1. HP: 13/13 MP: 8/8
   174 | D:1      | Reached XP level 2. HP: 19/19 MP: 3/10
   187 | D:1      | Learned a level 2 spell: Blink
   190 | D:1      | Learned a level 2 spell: Call Imp
   808 | D:2      | Found a sparkling altar of Nemelex Xobeh.
   874 | D:2      | Reached XP level 3. HP: 25/25 MP: 5/11
   879 | D:2      | Learned a level 3 spell: Conjure Flame
   883 | D:2      | Learned a level 3 spell: Mephitic Cloud
   976 | D:2      | Found an ornate altar of the Wu Jian Council.
  1180 | D:2      | Reached skill level 1 in Invocations
  1347 | D:2      | Found an ancient bone altar of Kikubaaqudgha.
  1350 | D:2      | Noticed a human
  1351 | D:2      | Killed a human
  1592 | D:3      | Reached skill level 1 in Fighting
  1592 | D:3      | Reached skill level 1 in Short Blades
  1592 | D:3      | Reached skill level 1 in Long Blades
  1592 | D:3      | Reached skill level 1 in Axes
  1592 | D:3      | Reached skill level 1 in Maces & Flails
  1592 | D:3      | Reached skill level 1 in Polearms
  1592 | D:3      | Reached skill level 1 in Staves
  1592 | D:3      | Reached skill level 1 in Slings
  1592 | D:3      | Reached skill level 1 in Bows
  1592 | D:3      | Reached skill level 1 in Crossbows
  1592 | D:3      | Reached skill level 1 in Throwing
  1592 | D:3      | Reached skill level 1 in Armour
  1592 | D:3      | Reached skill level 1 in Shields
  1592 | D:3      | Reached skill level 1 in Unarmed Combat
  1592 | D:3      | Reached skill level 1 in Evocations
  1622 | D:3      | Reached XP level 4. HP: 5/32 MP: 2/13
  2085 | D:3      | Found an iron altar of Okawaru.
  2093 | D:3      | Reached skill level 1 in Hexes
  2093 | D:3      | Reached skill level 1 in Charms
  2093 | D:3      | Reached skill level 1 in Necromancy
  2093 | D:3      | Reached skill level 1 in Transmutations
  2093 | D:3      | Reached skill level 1 in Fire Magic
  2093 | D:3      | Reached skill level 1 in Ice Magic
  2093 | D:3      | Reached skill level 1 in Air Magic
  2093 | D:3      | Reached skill level 1 in Earth Magic
  2093 | D:3      | Reached skill level 1 in Poison Magic
  2521 | D:3      | Found a glowing silver altar of Zin.
  2560 | D:3      | Reached XP level 5. HP: 28/37 MP: 2/14
  2657 | D:3      | Learned a level 1 spell: Apportation
  2853 | D:4      | Noticed a phantom
  2916 | D:4      | Killed a phantom
  3054 | D:4      | Noticed an ice beast
  3055 | D:4      | Found a staircase to the Ecumenical Temple.
  3097 | D:4      | Killed an ice beast
  3097 | D:4      | Reached XP level 6. HP: 44/44 MP: 1/16
  3164 | D:4      | Found a bloodstained altar of Trog.
  3526 | D:4      | Found Ynnub's General Store.
  3624 | D:4      | Reached skill level 5 in Dodging
  3756 | D:4      | Found a shimmering blue altar of Sif Muna.
  3908 | Temple   | Entered the Ecumenical Temple
  3965 | Temple   | Became a worshipper of Ashenzari the Shackled
  4014 | D:5      | Entered Level 5 of the Dungeon
  4134 | D:6      | Noticed a phantom
  4190 | D:6      | Killed a phantom
  4351 | D:6      | Noticed an ice beast
  4386 | D:6      | Slain by an ice beast

Levels and vault maps discovered:
D:1:      sevenhm_arrival_forest_fort_large_3, layout_rooms,
          minmay_misc_feat_ornament
D:2:      layout_basic, marbit_many_paths, nicolae_overflow_crystal_walls,
          tgw_kikubaaqudgha
D:3:      layout_loops_ring, zin_scriptorium, okawaru_gym_becter
D:4:      layout_loops_ring, lightli_temple_of_fire, minmay_temple_entry_waves,
          gup_sewer_entry_spiral, first_ration, serial_shops,
          nicolae_shop_crystal, minmay_misc_feat_enclosed,
          minmay_misc_feat_pillars, led_sif_pool
D:5:      layout_gridville, serial_glass, glass_columns_a, glass_columns_a
D:6:      layout_basic, vehumet_altar_wand_db, uniq_duvessa, uniq_edmund
Temple:   cyrus_circular_temple

Skill      XL: |  1  2  3  4  5  6 |
---------------+-------------------+-----
Conjurations   | 2 |  2.7
Summonings     | 2 |  2.7
Translocations | 2 |  2.7
Invocations    | 1 2 |  2.3
Fighting       | 1 2 |  2.1
Short Blades   | 1 2 |  2.1
Long Blades    | 1 2 |  2.1
Axes           | 1 2 |  2.1
Maces & Flails | 1 2 |  2.1
Polearms       | 1 2 |  2.1
Staves         | 1 2 |  2.1
Slings         | 1 2 |  2.1
Bows           | 1 2 |  2.1
Crossbows      | 1 2 |  2.1
Throwing       | 1 2 |  2.1
Armour         | 1 2 |  2.1
Shields        | 1 2 |  2.1
Unarmed Combat | 1 2 |  2.1
Evocations     | 1 2 |  2.1
Hexes          | 1 |  1.7
Charms         | 1 |  1.7
Necromancy     | 1 |  1.7
Transmutations | 1 |  1.7
Fire Magic     | 1 |  1.7
Ice Magic      | 1 |  1.7
Air Magic      | 1 |  1.7
Earth Magic    | 1 |  1.7
Poison Magic   | 1 |  1.7
Dodging        | 5 |  5.0
Stealth        | |  4.7
Spellcasting   | |  7.5

Action                   |  1- 3 |  4- 6 || total
-------------------------+-------+-------++-------
Melee: Dagger            |    33 |   101 ||   134
       Unarmed           |     1 |       ||     1
       Bite              |     1 |     8 ||     9
       Punch             |       |     2 ||     2
       Spear             |       |    25 ||    25
 Cast: Magic Dart        |    94 |    56 ||   150
       Conjure Flame     |     1 |     7 ||     8
       Call Imp          |       |    56 ||    56
       Mephitic Cloud    |       |     3 ||     3
       Blink             |       |     2 ||     2
  Use: Potion            |     1 |       ||     1
       Scroll            |       |     3 ||     3
 Stab: Sleeping          |     1 |     2 ||     3
  Eat: Chunk             |     2 |     7 ||     9
Armor: Skin              |    10 |    20 ||    30
       Robe              |     4 |    24 ||    28
Dodge: Dodged            |    46 |   114 ||   160

Table legend:
 A = Non-vault XP
 B = Vault XP
 C = Vault XP percentage of total XP
 D = Non-vault monster count
 E = Vault monster count
 F = Vault count percentage of total count
                 A         B        C        D         E       F
            +---------+---------+-------+---------+---------+-------
      Total |     568 |      42 |   6.9 |      83 |       7 |   7.8
            +---------+---------+-------+---------+---------+-------
        D:1 |      23 |       0 |   0.0 |      15 |       0 |   0.0
        D:2 |      44 |       1 |   2.2 |      19 |       1 |   5.0
        D:3 |     103 |       0 |   0.0 |      26 |       0 |   0.0
        D:4 |     271 |      41 |  13.1 |      17 |       6 |  26.1
        D:5 |      60 |       0 |   0.0 |       4 |       0 |   0.0
        D:6 |      67 |       0 |   0.0 |       2 |       0 |   0.0
            +---------+---------+-------+---------+---------+-------
